[Event "*** Titled Tuesday Blitz"]
[Site "Chess.com"]
[Date "2021.02.09"]
[Round "5"]
[White "Alexchess1984"]
[Black "TigrVShlyape"]
[Result "1/2-1/2"]
[WhiteElo "2707"]
[BlackElo "2840"]
[TimeControl "180+1"]
[EndTime "10:58:28 PST"]
[Termination "Game drawn by repetition"]

1. e4 e5 2. Nf3 Nc6 3. Bc4 Nf6 4. Ng5 d5 5. exd5 Na5 6. Bb5+ Bd7 7. Qe2 Bd6 8. Nc3 O-O 9. Bxd7 Qxd7 10. d3 Bb4 11.
Bd2 Rfe8 12. O-O Bxc3 13. bxc3 Qxd5 14. c4 Qc5 15. Rab1 Nc6 16. Rxb7 Nd4 17. Qd1 Rab8 18. Rxb8 Rxb8 19. Be3 Qa5 20. f4 Nf5 21. Bd2 Qc5+ 22. Kh1 Ne3 23. Bxe3 Qxe3 24. fxe5 Qxe5 25. Nf3 Qc3 26.
h3 Qa3 27. Nd4 Qxa2 28. Nf5 Qb2 29. Qf3 Re8 30. Qg3 g6 31. Nh6+ Kg7 32. Qxc7 Rf8 33. Qf4 Nh5 34. Nf5+ Kh8 35. Qd6 Qb8 36. Qxb8 Rxb8 37.
g4 gxf5 38. gxh5 Kg7 39. Rxf5 Rb2 40. Kg2 Rxc2+ 41. Kf3 Rh2 42. Kg3 Rd2 43. Rd5 a5 44. c5 a4 45. c6 Rc2 46. Rd6 a3 47. h6+ Kf8 48. Rd8+ Ke7 49. Ra8 Rc3 50. Ra7+ Ke6 51. c7 Rxd3+ 52. Kf4 Rc3 53. h4 a2 54. Rxa2 Rc4+ 55. Kg5 f6+ 56. Kh5 Rc5+ 57. Kg4 Rxc7 58.
Ra8 Rc4+ 59. Kg3 Kf5 60. Rg8 Rc3+ 61. Kg2 Rc4 62. Kg3 Rc3+ 63. Kg2 Rc4 64. Kg3 1/2-1/2

[Event "*** Titled Tuesday Blitz"]
[Site "Chess.com"]
[Date "2021.02.09"]
[Round "5"]
[White "capatl"]
[Black "floplover"]
[Result "1-0"]
[WhiteElo "2494"]
[BlackElo "2295"]
[TimeControl "180+1"]
[EndTime "10:58:28 PST"]
[Termination "capatl won on time"]

1. d4 d5 2. Nf3 e6 3. c4 Nf6 4.
Nc3 Bb4 5. e3 O-O 6. a3 Bxc3+ 7.
bxc3 c6 8. Qc2 b6 9. Bd3 Ba6 10. Nd2 Nbd7 11. O-O Qc8 12. Bb2 Qb7 13. Rac1 Rac8 14.
Rfd1 Rfe8 15. h3 c5 16. Qb3 e5 17. Bf1 cxd4 18. cxd4 exd4 19. Bxd4 Nc5 20. Qb2 Ncd7 21. cxd5 Bxf1 22. Rxf1 Qxd5 23. Nf3 Qb7 24. Rfd1 Rxc1 25. Rxc1 Rc8 26. Rd1 h6 27. Qb3 Qc6 28. Ne5 Nxe5 29. Bxe5 Ne4 30. Bd4 Qc2 31. Qxc2 Rxc2 32. f3 Ng3 33.
Be5 Nf5 34. Bd4 Ra2 35. Rd3 Nxd4 36. exd4 Kf8 37. d5 Ke7 38. Kh2 Kd6 39. Kg3 Rc2 40. Re3 Rc5 41. Kf4 Rxd5 42. Re8 g6 43. g4 Ra5 44. Rd8+ Ke7 45. Rd3 h5 46. h4 Ra4+ 47.
Kg5 Ra5+ 48. Kh6 Re5 49. f4 Re4 50. gxh5 gxh5 51. Kg5 Ke6 52. f5+ Ke5 53. Kxh5 Kxf5 54. Rd7 Ra4 55. Rxf7+ Ke6 56. Rf3 b5 57. Kg5 a5 58. h5 b4 59. axb4 axb4 60. h6 Ra1 61. Rh3 1-0

[Event "*** Titled Tuesday Blitz"]
[Site "Chess.com"]
[Date "2021.02.09"]
[Round "5"]
[White "elohunter1999"]
[Black "WPWPWP-2015"]
[Result "1-0"]
[WhiteElo "2665"]
[BlackElo "2488"]
[TimeControl "180+1"]
[EndTime "10:58:29 PST"]
[Termination "elohunter1999 won by checkmate"]

1. d4 Nf6 2. c4 e6 3. Nc3 Bb4 4. f3 d5 5. a3 Bxc3+ 6. bxc3 c5 7. cxd5 Nxd5 8. dxc5 O-O 9. e4 Ne7 10. Qxd8 Rxd8 11.
Be3 Nec6 12. Bc4 Nd7 13. Nh3 Na5 14. Ba2 Ne5 15. Bd4 Nec6 16. Rd1 e5 17. Be3 Rxd1+ 18. Kxd1 Be6 19. Bxe6 fxe6 20. Ke2 Rd8 21. Rb1 h6 22.
Nf2 Rd7 23. Nd3 Nc4 24. a4 a5 25. Bf2 Kf7 26. Bg3 Kf6 27. Rf1 g5 28. h4 Kg6 29.
Rh1 Rh7 30. hxg5 hxg5 31. Rxh7 Kxh7 32. Kd1 Kg6 33. Kc2 Ne3+ 34. Kd2 Nc4+ 35. Ke2 Kf6 36. Bh2 Na3 37. Kd1 Nc4 38. g4 Ne3+ 39. Ke2 Nc4 40. Bg1 Na3 41. Kd1 Nc4 42. Kc2 Ke7 43. Nc1 Kf6 44. Kd3 Nb2+ 45. Kc2 Nc4 46. Bf2 Ke7 47.
Ne2 Kf6 48. Ng3 Ke7 49. Nf1 Kf6 50. Kb3 Nd6 51. cxd6 Kf7 52. c4 Ke8 53. c5 Kd7 54. Kc4 Nb8 55. Kb5 Nc6 56. Nd2 Nb4 57. Kxa5 Nd3 58.
Be3 Nc1 59. Nc4 Nb3+ 60. Kb6 Na1 61. Nxe5+ Kd8 62. Bxg5+ Kc8 63. d7+ Kb8 64. d8=Q# 1-0

[Event "*** Titled Tuesday Blitz"]
[Site "Chess.com"]
[Date "2021.02.09"]
[Round "5"]
[White "FGHSMN"]
[Black "chescomhuynya"]
[Result "0-1"]
[WhiteElo "2617"]
[BlackElo "2492"]
[TimeControl "180+1"]
[EndTime "10:58:29 PST"]
[Termination "chescomhuynya won on time"]

1. e4 c5 2. Nf3 d6 3. d4 cxd4 4. Nxd4 Nf6 5. Nc3 a6 6. h3 e5 7.
Nb3 Be6 8. f4 g6 9. Qf3 Nc6 10.
f5 gxf5 11. exf5 Bxb3 12. axb3 Nd4 13. Qf2 Rc8 14. Be3 Ne4 15. Nxe4 Nxc2+ 16. Kd1 Nxa1 17. Bb6 Qe7 18. Bc4 d5 19. Bxd5 Nc2 20. f6 Qd7 21. Qd2 Bb4 22. Qd3 Rg8 23. g4 h5 24. g5 Nd4 25. Bc4 Ne6 26. Qxd7+ Kxd7 27. h4 Rc6 28. Be3 b5 29. Bd5 Rc7 30. Ke2 Rc2+ 31. Kd3 Rgc8 32. Rg1 Rxb2 33. g6 fxg6 34. Rxg6 Nf4+ 35. Bxf4 exf4 36. f7 Rf8 37. Nf6+ Ke7 38. Nh7 Rxf7 39. Bxf7 Kxf7 40. Rxa6 Rxb3+ 41. Ke4 f3 42. Ng5+ Ke7 43. Nxf3 Bd6 44. Ng5 Kd7 45. Ra7+ Kc6 46. Rh7 b4 47. Rxh5 Rb1 48. Nf7 Be7 49. Rh6+ Kd7 50. Ne5+ Kc7 51. h5 b3 52. Rc6+ Kb7 53. Rc3 b2 54. Rb3+ Kc7 55. Nf3 Bf6 56. Kf5 Bh8 0-1

[Event "*** Titled Tuesday Blitz"]
[Site "Chess.com"]
[Date "2021.02.09"]
[Round "5"]
[White "onnoelgersma"]
[Black "ChampStan"]
[Result "0-1"]
[WhiteElo "2457"]
[BlackElo "2233"]
[TimeControl "180+1"]
[EndTime "10:58:29 PST"]
[Termination "ChampStan won on time"]

1. e4 e5 2. Nf3 Nc6 3. Bb5 Nf6 4.
Nc3 Nd4 5. Bc4 Bc5 6. O-O d6 7.
h3 O-O 8. d3 Be6 9. Bg5 Bxc4 10.
dxc4 c6 11. Qd3 h6 12. Bxf6 Qxf6 13. Nxd4 Bxd4 14. Nd1 Rad8 15. c3 Bb6 16. a4 a6 17.
a5 Ba7 18. Ne3 Qe6 19. Nf5 Kh7 20. Qf3 g6 21. Ng3 Qxc4 22. Rad1 Qe6 23. h4 d5 24. h5 Kg7 25. Kh2 Qf6 26. Qg4 Qf4 27. Qxf4 exf4 28. Ne2 dxe4 29. hxg6 fxg6 30. f3 e3 31. g3 Bb8 32.
gxf4 g5 33. Kh3 gxf4 34. Nd4 Kf6 35. Kh4 c5 36. Ne2 Be5 37. b4 cxb4 38. cxb4 Kg6 39. Rg1+ Kf5 40. Kh5 Rxd1 41. Rxd1 Rg8 42. Rd5 Rg2 43. Nd4+ Kf6 44. Kh4 Bxd4 45. Rxd4 Kf5 46.
Rd5+ Ke6 47. Rd8 Kf6 48. Kh3 Rg3+ 49. Kh4 Rxf3 50. Kg4 Rf2 51. Re8 e2 0-1

[Event "*** Titled Tuesday Blitz"]
[Site "Chess.com"]
[Date "2021.02.09"]
[Round "5"]
[White "GoltsevDmitry2000"]
[Black "SilviusTiberius"]
[Result "1-0"]
[WhiteElo "2719"]
[BlackElo "2506"]
[TimeControl "180+1"]
[EndTime "10:58:30 PST"]
[Termination "GoltsevDmitry2000 won by checkmate"]

1. c4 e6 2. g3 d5 3. Nf3 Nf6 4. Bg2 Be7 5. O-O O-O 6. d4 dxc4 7. Qc2 a6 8. Qxc4 b5 9. Qc2 Bb7 10. Bf4 c6 11. Nc3 Nbd7 12. Rac1 Rc8 13. Ng5 Qb6 14.
Rfd1 Rfd8 15. e4 h6 16. Nf3 c5 17. d5 exd5 18. Nxd5 Nxd5 19. exd5 Bd6 20. Be3 Qc7 21.
Nh4 Nb6 22. Nf5 Nc4 23. Qe2 Nxe3 24. fxe3 Be5 25. Qg4 Kh7 26. d6 Qd7 27. Bxb7 Qxb7 28. Ne7 Bf6 29. Qf5+ Kh8 30. Nxc8 Rxc8 31. d7 Rd8 32.
Rxc5 Qb6 33. Kf2 g6 34. Qd5 Kg7 35. Rc8 Bg5 36. Rd3 Qf6+ 37. Kg1 Qxb2 38. Qd4+ Qxd4 39. Rxd4 Kf8 40. Rxd8+ Bxd8 41. Re4 Be7 42. Kg2 f5 43. Re6 Kf7 44. Rxa6 Bd8 45. Ra7 Ke6 46. Rb7 Kd6 47. Rxb5 Kxd7 48. a4 Kc6 49. Kf3 Bb6 50. e4 fxe4+ 51.
Kxe4 Bc7 52. Kf3 h5 53. Rg5 h4 54. Rxg6+ Kc5 55. gxh4 Bxh2 56. h5 Kd5 57. h6 Ke5 58. h7 Kf5 59. Rg8 Bd6 60. h8=Q Ke6 61. Re8+ Kd7 62.
a5 Kc6 63. a6 Bc7 64. a7 Kb6 65. a8=Q Kc5 66. Qc3+ Kd6 67. Qac6# 1-0

[Event "*** Titled Tuesday Blitz"]
[Site "Chess.com"]
[Date "2021.02.09"]
[Round "5"]
[White "Onischuk_V"]
[Black "GM_Huschenbeth"]
[Result "0-1"]
[WhiteElo "2820"]
[BlackElo "2636"]
[TimeControl "180+1"]
[EndTime "10:58:33 PST"]
[Termination "GM_Huschenbeth won on time"]

1. e4 c5 2. Ne2 d6 3. g3 g6 4.
Bg2 Bg7 5. c3 Nc6 6. d4 cxd4 7.
cxd4 e6 8. Nbc3 Nge7 9. O-O O-O 10. h3 Bd7 11. Bf4 d5 12. e5 Nf5 13. Qd2 Rc8 14. g4 Nfe7 15. Bg5 f6 16. exf6 Bxf6 17. Bxf6 Rxf6 18. Qe3 Qc7 19. Rad1 Rcf8 20. f4 Nc8 21. b3 Nd6 22. Rc1 Qa5 23. Na4 b6 24.
Nac3 Qa6 25. a4 Qb7 26. Nb1 Nb4 27. Nd2 Na2 28. Rcd1 Nb4 29. Nf3 Ne4 30. Ne5 Nc2 31.
Qd3 Nb4 32. Qb1 b5 33. a5 Be8 34. Bxe4 dxe4 35. Rc1 Qa6 36. Rc7 Qxa5 37. Rfc1 Qb6 38. Qxe4 Nd5 39. Rc8 Nxf4 40. Nxf4 Rxf4 41. Qe3 Qxd4 42.
Qxd4 Rxd4 43. Ra8 Rd5 44. Nc6 Bxc6 45. Rxf8+ Kxf8 46. Rxc6 Ke7 47. Ra6 Rd7 48. Kf2 g5 49.
Ke3 Kf6 50. Ke4 Rc7 51. Kd3 h6 52. Kd4 Rd7+ 53. Ke4 Rc7 54. Kd3 Ke7 55. Kd4 Kf7 56. Kd3 Kf6 57. b4 Rc4 58. Rxa7 Rxb4 59. Rh7 Rb3+ 60.
Kd4 Rxh3 61. Rb7 Rh4 0-1

[Event "*** Titled Tuesday Blitz"]
[Site "Chess.com"]
[Date "2021.02.09"]
[Round "5"]
[White "tan275"]
[Black "dopolian"]
[Result "1-0"]
[WhiteElo "2246"]
[BlackElo "2398"]
[TimeControl "180+1"]
[EndTime "10:58:34 PST"]
[Termination "tan275 won by resignation"]

1. c4 Nf6 2. Nc3 g6 3. e4 e5 4.
Nf3 Nc6 5. d4 exd4 6. Nxd4 d6 7.
Be3 Bg7 8. Be2 O-O 9. O-O Ng4 10. Bxg4 Bxg4 11. Nxc6 Bxd1 12. Nxd8 Bxc3 13. Rfxd1 Bxb2 14. Rab1 Raxd8 15. Rxb2 b6 16. Rbd2 Rde8 17. f3 f5 18. Bh6 Rf7 19. exf5 Rxf5 20. Kf2 Rc5 21. Rd4 Rce5 22.
Re4 Rxe4 23. fxe4 Rxe4 24. Re1 Rxc4 25. Re7 Rc5 26. Rg7+ Kh8 27. Rf7 Rf5+ 28. Rxf5 gxf5 29. Ke3 Kg8 30. Kd4 c6 31. Bf4 d5 32. Ke5 Kf7 33. Kd6 d4 34. Kxc6 Ke6 35. g3 h5 36. h4 a5 37. a4 b5 38. Kxb5 Kd5 39.
Kxa5 Kc5 40. Ka6 Kc6 41. a5 d3 42. Bd2 Kc5 43. Kb7 Kd4 44. a6 Ke4 45. a7 Kf3 46. a8=Q Kxg3 47. Qa3 Kxh4 48. Qxd3 Kg4 49. Qe2+ Kh4 50.
Qh2+ Kg4 51. Qf4+ Kh3 52. Qxf5+ Kg2 53. Qg5+ Kf2 54. Qxh5 Kg2 55. Qg5+ Kf2 56. Qf4+ Ke2 57. Qe3+ Kd1 58. Qe1+ Kc2 59. Bg5 Kd3 60. Qe3+ Kc2 61.
Kc6 Kb1 62. Kc5 Kc2 63. Kc4 Kb1 64. Kb3 1-0

[Event "*** Titled Tuesday Blitz"]
[Site "Chess.com"]
[Date "2021.02.09"]
[Round "5"]
[White "olksuna"]
[Black "erdni1993"]
[Result "1/2-1/2"]
[WhiteElo "2681"]
[BlackElo "2433"]
[TimeControl "180+1"]
[EndTime "10:58:35 PST"]
[Termination "Game drawn by repetition"]

1. e4 c5 2. Nf3 e6 3. d4 cxd4 4. Nxd4 Nc6 5. Nc3 Qc7 6. Be2 a6 7. O-O b5 8. Nxc6 Qxc6 9. Bf3 Bb7 10. Re1 Qc7 11. Nd5 Bxd5 12. exd5 Rc8 13. c3 Nf6 14. Qb3 Bd6 15. h3 O-O 16. a4 Rb8 17. dxe6 dxe6 18. axb5 axb5 19. Be3 Bc5 20. Ra6 Bxe3 21. Rxe3 Rfd8 22. Re1 h6 23. g3 Rd2 24. Rd1 Rxd1+ 25.
Qxd1 b4 26. Rc6 Qa5 27. c4 Rd8 28. Qe2 Qa1+ 29. Kg2 Qc1 30. c5 b3 31. Rd6 Rxd6 32. cxd6 Qc2 33. h4 Kf8 34. Kf1 Qxe2+ 35. Kxe2 Ke8 36.
Bc6+ Kd8 37. Kd2 Ng4 38. Ke2 Ne5 39. Ba4 Nc4 40. Bxb3 Nxd6 41. Kd3 Kd7 42. Bc4 f6 43. b4 e5 44. Bd5 Kc7 45. h5 Kb6 46. Bc4 Kc6 47.
f3 Nf5 48. g4 Nd6 49. Kc3 Kb6 50. Bd3 Kc6 51. Be4+ Kb5 52. Kb3 Kb6 53. Bd3 Kc6 54. Kc3 Kb6 55. Kd2 Kc6 56. Ke3 Kd5 57. f4 exf4+ 58. Kxf4 Kd4 59. Bf1 Kd5 60. b5 Kc5 61. Be2 Kb6 62. Bd3 Kc5 63. Be2 Kb6 64. Bf1 Kc5 65. Be2 1/2-1/2

[Event "*** Titled Tuesday Blitz"]
[Site "Chess.com"]
[Date "2021.02.09"]
[Round "5"]
[White "alexg2003"]
[Black "dukicz123"]
[Result "0-1"]
[WhiteElo "2384"]
[BlackElo "2553"]
[TimeControl "180+1"]
[EndTime "10:58:37 PST"]
[Termination "dukicz123 won on time"]

1. e4 e5 2. d4 exd4 3. c3 d5 4. exd5 Qxd5 5. cxd4 Nc6 6. Be3 Bb4+ 7. Nc3 Nge7 8. a3 Bxc3+ 9. bxc3 O-O 10. Ne2 Nf5 11. Nf4 Qa5 12. Bd2 b6 13. Be2 Nd6 14. O-O Bb7 15. Bd3 Ne7 16. c4 Qg5 17. d5 Qf6 18. Nh5 Qh4 19. Ng3 Ng6 20. Bc3 Rae8 21. Re1 Bc8 22.
Rxe8 Rxe8 23. h3 Bd7 24. Qf1 Nf4 25. Re1 Rxe1 26. Bxe1 Nxd3 27. Qxd3 Qxc4 28. Qe3 Qxd5 29. Qe7 Qe6 30. Qd8+ Qe8 31. Qxe8+ Bxe8 32. Bc3 Nb5 33. Bb2 c5 34. Nh5 f6 35. Nf4 Bf7 36. Nd3 Nd6 37.
a4 Bb3 38. a5 Bc2 39. Ne1 Be4 40. Ba3 Nb7 41. f3 Bc6 42. axb6 axb6 43. Nc2 Kf7 44. Kf2 Ke6 45. Ke3 Kd5 46. Kd2 b5 47. Ne3+ Ke6 48. f4 b4 49. Bb2 Nd6 50. g4 Bb5 51. f5+ Kd7 52. g5 Nc4+ 53. Nxc4 Bxc4 54. gxf6 gxf6 55. Bxf6 Kd6 56. Bb2 Bf7 57. h4 Kd5 58. Bf6 Kc4 59. Be7 Kb5 60. Kc2 c4 61. Kb2 c3+ 62. Kc2 Kc4 63.
f6 b3+ 64. Kb1 Bg6+ 65. Kc1 b2+ 66. Kd1 b1=Q+ 67. Ke2 Qe4+ 68. Kf2 c2 0-1

[Event "*** Titled Tuesday Blitz"]
[Site "Chess.com"]
[Date "2021.02.09"]
[Round "5"]
[White "Deepweb2020"]
[Black "DonPreuss"]
[Result "1-0"]
[WhiteElo "2474"]
[BlackElo "2233"]
[TimeControl "180+1"]
[EndTime "10:58:38 PST"]
[Termination "Deepweb2020 won on time"]

1. d4 Nf6 2. c4 e6 3. g3 c5 4.
Nf3 cxd4 5. Nxd4 Nc6 6. Bg2 d5 7. O-O Be7 8. Nc3 O-O 9. a3 Nxd4 10. Qxd4 dxc4 11. Qxc4 Bd7 12. Rd1 Qc8 13. Qxc8 Bxc8 14. Bf4 a6 15. Bd6 Bxd6 16. Rxd6 Rb8 17. Na4 b5 18.
Nc5 a5 19. b4 a4 20. Rad1 Re8 21. Rd8 Kf8 22. Bc6 Rxd8 23. Rxd8+ Ke7 24. Rh8 Kd6 25. Bxb5 Rxb5 26. Rxc8 Nd5 27. Nxa4 Rb7 28. Nc5 Ra7 29. Rf8 f6 30. Re8 Nc7 31. Rd8+ Kc6 32. Rd7 Rxa3 33. Rxg7 Nd5 34. Nd3 Ra1+ 35. Kg2 h5 36. Rh7 Ra2 37. Kf3 f5 38. Rxh5 Nf6 39. Rh6 Nd5 40. Rxe6+ Kd7 41. Re5 Nc3 42. Rxf5 Nxe2 43. h4 Nd4+ 44. Ke4 Nxf5 45.
Kxf5 Rd2 46. Ne5+ Ke7 47. f4 Rb2 48. g4 Kf8 49. g5 Rxb4 50. h5 Rb6 51. g6 Kg7 52. Kg5 Rb5 53. h6+ Kg8 54. Kf6 Rb6+ 55. Kf5 Rb5 56. Ke6 Rb6+ 57. Kd5 Rb5+ 58. Kc6 Rb8 59. f5 Re8 60. Kd6 1-0

[Event "*** Titled Tuesday Blitz"]
[Site "Chess.com"]
[Date "2021.02.09"]
[Round "5"]
[White "night_player"]
[Black "GM_LOADING"]
[Result "0-1"]
[WhiteElo "2248"]
[BlackElo "2464"]
[TimeControl "180+1"]
[EndTime "10:58:38 PST"]
[Termination "GM_LOADING won by resignation"]

1. e4 e5 2. Nf3 Nc6 3. Bb5 g6 4. O-O Bg7 5. c3 a6 6. Ba4 Nge7 7. Re1 O-O 8. d4 exd4 9. cxd4 d6 10. h3 b5 11. Bc2 Na5 12. b3 c5 13. Bb2 Bb7 14. Nbd2 Nac6 15. Nf1 Rc8 16. Rc1 cxd4 17. Nxd4 Re8 18.
Nxc6 Nxc6 19. Bxg7 Kxg7 20. Ng3 Qf6 21. Bb1 h5 22.
Re3 Ne5 23. Ne2 Rxc1 24. Qxc1 Rc8 25. Qd1 Nd7 26. Rf3 Qe7 27. Nd4 Nf6 28. Rg3 Bxe4 29. Bxe4 Qxe4 30. Kh2 d5 31. Qd2 Qe5 32. f4 Qe4 33.
Ne2 Rc2 34. Qd4 Rxe2 35. Qxe4 dxe4 36. a4 Nd5 37. axb5 axb5 38. f5 Nf4 39. fxg6 fxg6 40.
Kg1 Kf6 41. Kf1 Ra2 42. Rc3 Ke5 43. Rc5+ Nd5 44. Rxb5 Kd4 45. g4 Ke3 46. Rxd5 hxg4 47. hxg4 Kf4 48. g5 e3 49. Rd8 Kxg5 50. Rf8 Rb2 51. Rb8 Kg4 52. Ke1 g5 53. b4 Kg3 54.
Re8 Rb3 55. b5 g4 56. b6 Kh2 57. b7 Rxb7 58. Rxe3 g3 59. Re8 Rh7 60. Rg8 g2 61. Kf2 Rf7+ 62. Ke2 Rh7 63. Rh8 Rxh8 64. Kf2 g1=Q+ 65.
Ke2 Qg3 0-1

[Event "*** Titled Tuesday Blitz"]
[Site "Chess.com"]
[Date "2021.02.09"]
[Round "5"]
[White "UCantHandleDenker"]
[Black "Azerichess"]
[Result "0-1"]
[WhiteElo "2614"]
[BlackElo "2978"]
[TimeControl "180+1"]
[EndTime "10:58:39 PST"]
[Termination "Azerichess won by resignation"]

1. Nf3 d5 2. d3 Nf6 3. g3 g6 4.
Bg2 Bg7 5. O-O O-O 6. Nbd2 Re8 7. e4 e5 8. c3 Nc6 9. b4 a6 10.
Qc2 h6 11. Bb2 Bg4 12. Rfe1 Qd7 13. a3 Rad8 14. Rac1 h5 15. Nf1 Bh3 16. Rcd1 Bxg2 17. Kxg2 dxe4 18. dxe4 Qe6 19. c4 Nd7 20. Ne3 Ne7 21.
Nd5 Nxd5 22. cxd5 Qd6 23. h4 Rc8 24. Qb3 Nb6 25. a4 Bf8 26. Ba3 c6 27. dxc6 Qxc6 28. b5 axb5 29. axb5 Qe6 30. Qxe6 Rxe6 31. Bxf8 Kxf8 32.
Rc1 Rce8 33. Rc7 R8e7 34. Rec1 f6 35. R1c2 Rd6 36. Rxe7 Kxe7 37. Rc7+ Rd7 38. Rc2 Kd6 39. Ne1 Rc7 40. Rd2+ Ke6 41. Nd3 Rc3 42. f4 Nd7 43. Nf2 Nc5 44. fxe5 fxe5 45. Rd5 Rc2 46. Kg1 b6 47. g4 Rc1+ 48. Kg2 Rc2 49. Kg1 Rc4 50. gxh5 gxh5 51. Nh3 Nxe4 52. Rd8 Kf5 53. Rg8 Rc1+ 54. Kg2 Rc2+ 55. Kg1 Rb2 56. Ng5 Nxg5 57. Rxg5+ Kf4 58. Rxh5 Rxb5 59. Rh8 Rb1+ 60. Kg2 Rb2+ 61. Kh3 Rb3+ 62. Kh2 Kg4 63. h5 Rh3+ 64. Kg2 Rxh5 65. Rg8+ Rg5 66.
Rb8 Rg6 67. Kf2 Kf4 68. Ke2 Ke4 0-1

[Event "*** Titled Tuesday Blitz"]
[Site "Chess.com"]
[Date "2021.02.09"]
[Round "5"]
[White "Beca95"]
[Black "mikolka1985"]
[Result "1-0"]
[WhiteElo "2902"]
[BlackElo "2608"]
[TimeControl "180+1"]
[EndTime "10:58:40 PST"]
[Termination "Beca95 won on time"]

1. d4 Nf6 2. c4 e6 3. Nc3 Bb4 4. Nf3 b6 5. Bg5 Bb7 6. Nd2 h6 7. Bh4 Nc6 8. e3 Bxc3 9. bxc3 Ne7 10. f3 Ng6 11. Bf2 d6 12. e4 e5 13. h4 O-O 14. h5 Nf4 15. g3 Ne6 16. Bd3 Nd7 17. Be3 Qf6 18. Nb3 Rfe8 19. O-O c6 20. f4 Qe7 21.
Nd2 Ba6 22. Rf2 Nc7 23. Bf1 Nf6 24. Bg2 Bc8 25. Bf3 Bd7 26. d5 b5 27. fxe5 dxe5 28. Nf1 cxd5 29. cxd5 Qd6 30. g4 Nh7 31. a4 bxa4 32.
c4 Na6 33. Qc1 Nc5 34. Qa3 Rec8 35. Rb2 Ng5 36. Bg2 Qf8 37. Nd2 Bxg4 38. Rb5 Nd7 39.
Qxf8+ Kxf8 40. c5 a6 41. Ra5 Nf6 42. c6 Bxh5 43. R1xa4 Ng4 44. Bc5+ Kg8 45. Rxa6 Rab8 46. Rb6 Rxb6 47. Bxb6 Nf6 48. d6 Bg4 49. Ra7 Rxc6 50. Bc7 Rc1+ 51. Kf2 Be6 52. Bf1 Kh7 53. Bd3 Ng4+ 54.
Ke2 Rg1 55. Bb6 Rg2+ 56. Kd1 Nf2+ 57. Bxf2 Rxf2 58. d7 Rg2 59. d8=Q Bg4+ 60. Kc2 Nf3 61. Ra8 Rxd2+ 62. Kc3 Rd1 63. Qh8+ Kg6 64. Rg8 1-0

[Event "*** Titled Tuesday Blitz"]
[Site "Chess.com"]
[Date "2021.02.09"]
[Round "5"]
[White "vladimirdamjanovic"]
[Black "Kostukov_Alex"]
[Result "0-1"]
[WhiteElo "2505"]
[BlackElo "2377"]
[TimeControl "180+1"]
[EndTime "10:58:43 PST"]
[Termination "Kostukov_Alex won by checkmate"]

1. d4 g6 2. Nf3 Bg7 3. g3 d6 4.
Bg2 Nf6 5. O-O O-O 6. Re1 c6 7. e4 Qa5 8. e5 dxe5 9. dxe5 Ng4 10. Bf4 Qb6 11. Qd4 c5 12. Qc3 Nc6 13. h3 Nh6 14.
Na3 Qb4 15. Qxb4 Nxb4 16. Ng5 Nf5 17. g4 Nd4 18. c3 Nd3 19. cxd4 Nxf4 20. dxc5 Nd3 21.
Re3 Nxe5 22. Rae1 Nc6 23. Bxc6 bxc6 24. Nc4 h6 25. Nf3 Be6 26. Nfe5 Bd5 27. b3 Bf6 28. Na5 Rfc8 29. f4 Bh4 30. Rd1 e6 31. Nec4 Be7 32.
Nd6 Rc7 33. Ndc4 Bxc5 34. Kf2 Rd8 35. Ne5 Kg7 36. g5 f6 37. gxf6+ Kxf6 38. Ng4+ Kg7 39. Nc4 Bxe3+ 40. Kxe3 Rf8 41. Nce5 h5 42. Nf2 c5 43.
Rc1 Rf5 44. Nd1 g5 45. Nd3 gxf4+ 46. Nxf4 Re5+ 47. Kd2 Re4 48. Ne2 Rf7 49. Ndc3 Rh4 50. Rg1+ Kf6 51. Rg3 Rg7 52. Re3 Rg2 53. Rd3 Rd4 54. Ke3 Rxd3+ 55. Kxd3 Rh2 56. Nf4 Kf5 57. Ke3 h4 58. a3 a5 59. b4 axb4 60. axb4 cxb4 61.
Ncxd5 exd5 62. Nxd5 b3 63. Ne7+ Ke6 64. Ng6 b2 65. Nf4+ Kd6 66. Kf3 b1=Q 67. Kg4 Qe4 68. Kxh4 Qxf4+ 69. Kh5 Rxh3+ 70. Kg6 Rh6+ 71. Kg7 Qf6+ 72.
Kg8 Rh8# 0-1

[Event "*** Titled Tuesday Blitz"]
[Site "Chess.com"]
[Date "2021.02.09"]
[Round "5"]
[White "superchess02"]
[Black "hansen"]
[Result "0-1"]
[WhiteElo "2787"]
[BlackElo "2957"]
[TimeControl "180+1"]
[EndTime "10:58:44 PST"]
[Termination "hansen won by resignation"]

1. e4 c5 2. g3 Nc6 3. Bg2 g6 4. Ne2 Bg7 5. Nbc3 d6 6. O-O e6 7. f4 Nge7 8. d3 O-O 9. Be3 Nd4 10.
Kh1 Nec6 11. Qd2 b6 12. a4 Bb7 13. Rab1 Qd7 14. Nd1 Nxe2 15. Qxe2 Nd4 16. Bxd4 cxd4 17. Ra1 Rac8 18. Nf2 Rc5 19. Rfc1 Rfc8 20. b4 Rc3 21. Nd1 R3c7 22. Nb2 d5 23. e5 a6 24. Nd1 Bf8 25.
Qd2 Bc6 26. a5 Ba4 27. Ra2 bxa5 28. bxa5 Qb5 29. Rb2 Qc5 30. Ra2 Bb5 31. Rb1 Qa7 32.
Bf3 Rc5 33. Nf2 Qc7 34. Bd1 h5 35. g4 Bh6 36. gxh5 Qxe5 37. fxe5 Bxd2 38. hxg6 fxg6 39.
Kg2 Kg7 40. Kg3 Rf8 41. Ng4 Bf4+ 42. Kg2 Rf5 43. Bf3 g5 44. Re1 Be8 45. Nf6 Bf7 46. Bg4 Rxe5 47. Rxe5 Kxf6 48. Re1 Rb5 49. h3 e5 50. Bc8 e4 51. Bxa6 Rb8 52. Ra4 Ke5 53. dxe4 dxe4 54. Bd3 Bd5 55. a6 Ra8 56. a7 Be3 57.
Bb5 Bd2 58. Re2 Bc3 59. Bd3 Kf4 60. Bb5 e3+ 61. Kg1 Bf3 62. Rh2 g4 63. hxg4 Bxg4 64.
Be2 Bf3 65. Rh4+ Kg3 66. Rh3+ Kxh3 67. Bxf3 Kg3 68. Bxa8 e2 69. Bg2 e1=Q+ 70. Bf1 Qf2+ 0-1

[Event "*** Titled Tuesday Blitz"]
[Site "Chess.com"]
[Date "2021.02.09"]
[Round "5"]
[White "fabianvivasz"]
[Black "zim0ne"]
[Result "0-1"]
[WhiteElo "2334"]
[BlackElo "2522"]
[TimeControl "180+1"]
[EndTime "10:58:44 PST"]
[Termination "zim0ne won by resignation"]

1. e4 e5 2. Nf3 Nc6 3. d4 exd4 4. Bc4 Bc5 5. c3 Nf6 6. e5 d5 7. Bb5 Ne4 8. cxd4 Bb6 9. O-O O-O 10. Nc3 Bg4 11. Be3 Ne7 12. h3 Bh5 13. Be2 Nf5 14.
Ne1 Nxe3 15. fxe3 Bxe2 16. Nxe2 c5 17. Nd3 Qg5 18. Rf3 Rac8 19. Rc1 h5 20. Kh2 h4 21. Nef4 cxd4 22. Rxc8 Rxc8 23. exd4 Bxd4 24. e6 fxe6 25. Nxe6 Be5+ 26. Kh1 Qe7 27. Nxe5 Qxe6 28. Qd4 Ng3+ 29.
Kh2 Rc1 30. Rxg3 hxg3+ 31. Kxg3 Re1 32. Nf3 Re4 33. Qc3 Qd6+ 34. Kf2 Rc4 35. Qe3 Qc5 36.
Qxc5 Rxc5 37. Nd4 Rc1 38. Ke3 Kf7 39. g4 Rh1 40. Nf5 Rxh3+ 41. Kd4 Rh2 42. Nd6+ Ke6 43. Nxb7 Rxb2 44. Nc5+ Kd6 45. a3 Rd2+ 46. Nd3 Rxd3+ 47. Kxd3 Ke5 48. Ke3 d4+ 49. Kf3 Kd5 50. a4 Kc4 51. Ke2 d3+ 52. Kd2 Kd4 53. g5 g6 54. a5 Ke4 55. Kd1 Kf4 56. Kd2 Kxg5 57. Kxd3 Kf4 58. Ke2 Kg3 59. Kf1 Kh2 60. Kf2 g5 61. Kf3 Kh3 62.
Kf2 g4 63. Kg1 Kg3 64. a6 Kf3 65. Kh2 Kf2 66. Kh1 Kf3 67. Kh2 Kf2 68. Kh1 Kg3 69. Kg1 Kh3 70. Kf2 Kh2 71. Ke3 g3 72. Kd4 g2 73. Kc5 g1=Q+ 74. Kc6 Qb6+ 75. Kd7 Qxa6 76. Kc7 Qb6+ 0-1

[Event "*** Titled Tuesday Blitz"]
[Site "Chess.com"]
[Date "2021.02.09"]
[Round "5"]
[White "lelajavakhishvili"]
[Black "Kobalia"]
[Result "0-1"]
[WhiteElo "2490"]
[BlackElo "2689"]
[TimeControl "180+1"]
[EndTime "10:58:45 PST"]
[Termination "Kobalia won by resignation"]

1. d4 d5 2. c4 c6 3. Nf3 Nf6 4.
e3 Bf5 5. Nc3 e6 6. Nh4 Be4 7.
f3 Bg6 8. Qb3 Qc7 9. Bd2 Be7 10.
Rc1 a6 11. cxd5 Nxd5 12. Nxd5 Bxh4+ 13. g3 Bxg3+ 14. hxg3 exd5 15. Kf2 O-O 16. Qxd5 Nd7 17. Qb3 Rad8 18. Rh4 Rfe8 19. Bd3 Ne5 20. Be2 Nd7 21.
e4 Nf6 22. Be3 Qe7 23. a3 Bxe4 24. fxe4 Nxe4+ 25. Rxe4 Qxe4 26. Bf3 Qg6 27. Qc2 Qf6 28. Rh1 h6 29. Rh4 Re6 30. Re4 Rde8 31. Rxe6 Qxe6 32.
Qd3 Qd6 33. b4 Re6 34. Bf4 Qd7 35. Bg4 Qd5 36. Bxe6 Qxe6 37. Qe3 Qd5 38. Qf3 Qa2+ 39. Kg1 Qb1+ 40. Kg2 Qc2+ 41. Kh3 Qf5+ 42. Qg4 Qb1 43. Qc8+ Kh7 44. Qxb7 Qh1+ 45. Kg4 h5+ 46. Kg5 f6+ 47. Kf5 Qd5+ 48. Be5 fxe5 49. dxe5 Qf3+ 50. Ke6 Qxg3 51. Kd6 h4 52. Qxc6 h3 53. Qe4+ g6 54. Kd7 h2 55. e6 Qh3 56. Kd8 h1=Q 57. Qxh1 Qxh1 58. e7 Qd5+ 59. Kc7 Qb5 60. Kd8 Qb8+ 61. Kd7 g5 62.
e8=Q Qxe8+ 63. Kxe8 g4 64. a4 g3 65. b5 axb5 66.
axb5 g2 67. b6 g1=Q 68. b7 Qb6 0-1